 Dungeon Crawl Stone Soup version 0.23.2-33-g5129a83184 (webtiles) character file.

Game seed: 12443309760945229031

254 DildoBatman the Conjurer (level 6, -3/43 HPs)
             Began as a Formicid Wizard on June 27, 2019.
             Was an Initiate of Kikubaaqudgha.
             Slain by a small abomination (6 damage)
             ... on level 1 of the Abyss.
             The game lasted 00:10:57 (3258 turns).

DildoBatman the Conjurer (Formicid Wizard)          Turns: 3258, Time: 00:10:57

Health: -3/43      AC: 11    Str:  7    XL:     6   Next: 37%
Magic:  11/11      EV: 12    Int: 23    God:    Kikubaaqudgha [......]
Gold:   2          SH:  0    Dex: 12    Spells: 5/12 levels left

rFire    . . .     SeeInvis +   (no weapon)
rCold    . . .     Gourm    .   (no shield)
rNeg     . . .     Faith    .   i - +2 robe
rPois    .         Spirit   .   (helmet unavailable)
rElec    .         Reflect  .   c - +0 cloak {MR+}
rCorr    .         Harm     .   a - +2 pair of gloves {Dex+3}
MR       +....                  x - +2 pair of boots
Stlth    ++........             (no amulet)
HPRegen  0.14/turn              A - +3 ring of intelligence
MPRegen  0.12/turn              (no ring)

@: no status effects
A: permanent stasis, dig shafts and tunnels, four strong arms, antennae 3,
[screaming 2], [weak 2]
a: Dig, Shaft Self, Renounce Religion


You were on level 1 of the Abyss.
You worshipped Kikubaaqudgha.
Kikubaaqudgha was noncommittal.
You were full.

You visited 2 branches of the dungeon, and saw 5 of its levels.
You visited the Abyss 1 time.

You collected 173 gold pieces.
You spent 171 gold pieces at shops.

Inventory:

Missiles
 g - 6 sling bullets
 n - 54 arrows
 r - 219 stones (quivered)
 y - 20 bolts
Armour
 a - a +2 pair of gloves of dexterity (worn)
 b - a +1 plate armour of magic resistance
 c - a +0 cloak of magic resistance (worn)
 i - a +2 robe (worn)
 x - a +2 pair of boots (worn)
Jewellery
 w - an uncursed ring of ice
 A - a +3 ring of intelligence (left hand)
Wands
 o - a wand of acid (5)
Scrolls
 d - 2 scrolls of blinking {unknown}
 e - a scroll of random uselessness {unknown}
 f - 3 scrolls of teleportation
 l - 2 scrolls of identify {unknown}
 q - a scroll of enchant weapon {unknown}
 s - a scroll of remove curse {unknown}
 t - a scroll of immolation {unknown}
 u - a scroll of amnesia {unknown}
Potions
 h - 3 potions of curing {unknown}
 k - a potion of cancellation {unknown}
 m - a potion of flight {unknown}
 z - a potion of might {unknown}
 B - a potion of resistance {unknown}
Comestibles
 v - 5 rations


   Skills:
 - Level 1.0 Fighting
   Level 0.7 Short Blades
 * Level 0.8 Armour
 * Level 2.1 Dodging
 * Level 2.8 Stealth
 - Level 3.5 Spellcasting
 - Level 4.2 Conjurations
   Level 1.0 Summonings
   Level 0.8 Translocations
 - Level 0.9 Fire Magic
 - Level 0.5 Air Magic
 - Level 1.0 Poison Magic


You had 5 spell levels left.
You knew the following spells:

 Your Spells              Type           Power        Failure   Level  Hunger
a - Conjure Flame         Conj/Fire      ###.....     12%         3    ###....
c - Magic Dart            Conj           ###.         1%          1    None
e - Mephitic Cloud        Conj/Pois/Air  ##......     14%         3    ###....

Your spell library contained the following spells:

 Spells                   Type           Power        Failure   Level  Hunger
 Call Imp                 Summ           #.......     11%         2    #......
 Slow                     Hex            #.......     17%         2    #......
 Blink                    Tloc           Unusable     N/A         2    N/A

Dungeon Overview and Level Annotations

Branches:
Dungeon (4/15)             Temple (1/1) D:4

Altars:
Ashenzari
Dithmenos
Elyvilon
Fedhas
Hepliaklqana
Kikubaaqudgha
Nemelex Xobeh
Okawaru
Ru
Vehumet
Zin
The Shining One

Shops:
D:4 (


Innate Abilities, Weirdness & Mutations

You cannot be hasted, slowed, berserked, paralysed or teleported.
You can dig through walls and to a lower floor.
Your four strong arms can wield two-handed weapons with a shield.
You have a pair of large antennae on your head. (SInv)
[You sometimes yell uncontrollably at your foes.]
[You are very weak. (Str -4)]


Message History

The wretched star pulses with an eldritch light!
You feel the urge to shout.
You feel a strong urge to yell.
You extend your mandibles.
You dig through the rock wall.
The small abomination hits you but does no damage.
You retract your mandibles.
The wretched star pulses with an eldritch light!
You feel weaker. x2
You eat one of the 7 rations.
That ration really hit the spot!
You eat one of the 6 rations.
That ration really hit the spot!
You start resting.
You sense a monster nearby.
The small abomination hits you!
A swamp dragon zombie comes into view.
The small abomination hits you.
You die...
Kikubaaqudgha rasps: "You have failed me!
Welcome... death!"

## #.### #
#...####
##.####.#...#
#.# ..#.@#
#.##..#x#.#ยง
#...#.#...#
##..#.#...# #
. ##.#.....#..
..
..#.#..#.#.#.#
.###
#..#.#...# # #
.##.###..##Z#
#*###. .# .#


You could see a small abomination.

Vanquished Creatures
  A phantom (D:4)
  A worker ant (D:4)
  A gnoll (D:1)
  5 adders
  2 worms
  4 dart slugs
  4 leopard geckos
  A ball python (D:1)
  4 giant cockroaches (D:1)
  10 hobgoblins
  8 kobolds
  2 quokkas
  3 bats
  A frilled lizard (D:2)
  10 goblins
  11 rats
68 creatures vanquished.

Notes
Turn   | Place    | Note
-------+----------+-------------------------------------------
     0 | D:1      | DildoBatman the Formicid Wizard began the quest for the
                  | Orb.
     0 | D:1      | Reached XP level 1. HP: 13/13 MP: 4/4
    19 | D:1      | Reached skill level 1 in Conjurations
   161 | D:1      | Reached XP level 2. HP: 16/19 MP: 4/6
   243 | D:1      | Reached skill level 2 in Conjurations
   548 | D:2      | Reached XP level 3. HP: 18/24 MP: 4/7
   553 | D:2      | Learned a level 3 spell: Conjure Flame
   557 | D:2      | Learned a level 3 spell: Mephitic Cloud
   608 | D:2      | Reached skill level 3 in Conjurations
   688 | D:2      | Reached XP level 4. HP: 24/30 MP: 0/8
  1468 | D:1      | Reached skill level 4 in Conjurations
  1468 | D:1      | Reached XP level 5. HP: 35/35 MP: 5/9
  2671 | D:4      | Found a staircase to the Ecumenical Temple.
  2701 | Temple   | Entered the Ecumenical Temple
  2782 | Temple   | Became a worshipper of Kikubaaqudgha
  2887 | D:4      | Noticed a phantom
  2931 | D:4      | Killed a phantom
  2931 | D:4      | Reached skill level 1 in Fighting
  2931 | D:4      | Reached skill level 1 in Poison Magic
  2931 | D:4      | Reached XP level 6. HP: 24/43 MP: 0/11
  3084 | D:4      | Found Bajewn's Antique Weapon Shop.
  3088 | D:4      | Bought a translucent rapier for 171 gold pieces
  3088 | D:4      | Identified the +11 rapier "Leviticus" {distort, *Corrode
                  | +Fly Int+3} (You bought it in a shop on level 4 of the
                  | Dungeon)
  3092 | D:4      | Cast into level 1 of the Abyss (a distortion unwield)
  3133 | Abyss:1  | Noticed a large abomination
  3141 | Abyss:1  | Identified 3 scrolls of acquirement
  3178 | Abyss:1  | Noticed a starcursed mass
  3186 | Abyss:1  | Found an opulent altar of Gozag.
  3200 | Abyss:1  | Noticed a small abomination
  3206 | Abyss:1  | Noticed a wretched star
  3253 | Abyss:1  | HP: 2/43 [small abomination (8)]
  3258 | Abyss:1  | Slain by a small abomination

Skill      XL: |  1  2  3  4  5 |
---------------+----------------+-----
Conjurations   | 1 2 3 4 |  4.2
Fighting       | 1 |  1.0
Dodging        | 2 |  2.1
Poison Magic   | 1 |  1.0
Short Blades   | |  0.7
Armour         | |  0.8
Stealth        | |  2.8
Spellcasting   | |  3.5
Summonings     | |  1.0
Translocations | |  0.8
Fire Magic     | |  0.9
Air Magic      | |  0.5

Action                   |  1- 3 |  4- 6 || total
-------------------------+-------+-------++-------
Melee: Unarmed           |     8 |       ||     8
       Dagger            |    27 |   100 ||   127
Throw: Stone             |     1 |    12 ||    13
 Cast: Magic Dart        |    39 |    57 ||    96
       Mephitic Cloud    |     1 |     2 ||     3
 Abil: Dig               |     1 |     3 ||     4
  Use: Scroll            |       |     8 ||     8
 Stab: Sleeping          |     1 |     2 ||     3
  Eat: Chunk             |       |     7 ||     7
       Ration            |       |     2 ||     2
Armor: Robe              |     3 |    12 ||    15
Dodge: Dodged            |    31 |    55 ||    86
